| TOP OF THE 1ST |
|
Mobile BayBears batting - Pitching for Pensacola Blue Wahoos : LHP Jason St. Clair
|
|
Pitching: LHP Jason St. Clair
|
|
|
Batting: RHB Francisco Gutierrez
|
0-0: Called Strike 0-1: Called Strike 0-2: Strikes out swinging
|
|
Batting: LHB Yao-pang Tien
|
0-0: Called Strike 0-1: Called Strike 0-2: Strikes out swinging
|
|
Batting: SHB Ken Welch
|
0-0: Ball 1-0: Ball 2-0: Foul Ball, location: 2F 2-1: Foul Ball, location: 2F 2-2: Foul Ball, location: 2F 2-2: Ground out 4-3 (Groundball, 4, EV 80.0 MPH)
|
| Top of the 1st over - 0 runs, 0 hits, 0 errors, 0 left on base; Mobile 0 - Pensacola 0 |
| BOTTOM OF THE 1ST |
|
Pensacola Blue Wahoos batting - Pitching for Mobile BayBears : RHP Chad Toms
|
|
Pitching: RHP Chad Toms
|
|
|
Batting: RHB Randy Grewe
|
0-0: Ball 1-0: SOLO HOME RUN (Line Drive, 7D, EV 98.8 MPH), Distance : 403 ft
|
|
Batting: RHB Jose Nunez
|
0-0: Ground out 6-3 (Groundball, 6, EV 80.0 MPH)
|
|
Batting: LHB Jamie Spangenberg
|
0-0: Ball 1-0: Fly out, F9 (Flyball, 89M, EV 92.5 MPH)
|
|
Batting: RHB Solange Le Coq
|
0-0: Ball 1-0: Ball 2-0: Ball 3-0: Called Strike 3-1: Base on Balls
|
|
Batting: RHB Dinand Brouwer
|
0-0: Called Strike 0-1: Ball 1-1: Called Strike 1-2: Ball Solange Le Coq steals 2nd base 2-2: Ground out 6-3 (Groundball, 6, EV 80.0 MPH)
|
| Bottom of the 1st over - 1 run, 1 hit, 0 errors, 1 left on base; Mobile 0 - Pensacola 1 |
| TOP OF THE 2ND |
|
Mobile BayBears batting - Pitching for Pensacola Blue Wahoos : LHP Jason St. Clair
|
|
Batting: RHB Seth Tramontano
|
0-0: Foul Ball, location: 2F 0-1: Swinging Strike 0-2: Strikes out swinging
|
|
Batting: SHB Reagan Dudley
|
0-0: Swinging Strike 0-1: Ball 1-1: Foul Ball, location: 2F 1-2: Foul Ball, location: 2F 1-2: Strikes out looking
|
|
Batting: RHB Josh Burrows
|
0-0: Foul Ball, location: 2F 0-1: Swinging Strike 0-2: Foul Ball, location: 2F 0-2: Ball 1-2: Foul Ball, location: 2F 1-2: Ground out 6-3 (Groundball, 6, EV 91.9 MPH)
|
| Top of the 2nd over - 0 runs, 0 hits, 0 errors, 0 left on base; Mobile 0 - Pensacola 1 |
| BOTTOM OF THE 2ND |
|
Pensacola Blue Wahoos batting - Pitching for Mobile BayBears : RHP Chad Toms
|
|
Batting: RHB Mark Williams
|
0-0: Called Strike 0-1: SINGLE (Line Drive, 4M, EV 95.0 MPH)
|
|
Batting: LHB John Wagner
|
0-0: Ball 1-0: Fly out, F9 (Flyball, 89M, EV 86.2 MPH)
|
|
Batting: RHB Ryan Short
|
0-0: Called Strike 0-1: Ball 1-1: Fly out, F7 (Flyball, 78M, EV 90.6 MPH)
|
|
Batting: RHB Doug Carter
|
0-0: Ball 1-0: Called Strike Mark Williams is caught stealing 2nd base 2-4
|
| Bottom of the 2nd over - 0 runs, 1 hit, 0 errors, 0 left on base; Mobile 0 - Pensacola 1 |
| TOP OF THE 3RD |
|
Mobile BayBears batting - Pitching for Pensacola Blue Wahoos : LHP Jason St. Clair
|
|
Batting: LHB Koson Hirai
|
0-0: Ball 1-0: SINGLE (Flyball, 9LS, EV 84.4 MPH)
|
|
Batting: LHB Frank Mullen
|
0-0: Ball Koson Hirai steals 2nd base 1-0: Ball 2-0: Ground out 6-3 (Groundball, 56, EV 87.5 MPH)
|
|
Batting: SHB John Cummings
|
0-0: Called Strike 0-1: Called Strike 0-2: Fly out, F9 (Flyball, 9D, EV 108.1 MPH) Runner from 2nd tags up, SAFE at 3rd, no throw by RF
|
|
Batting: RHB Francisco Gutierrez
|
0-0: Foul Ball, location: 2F 0-1: Ground out U3 (Groundball, 3, EV 106.9 MPH)
|
| Top of the 3rd over - 0 runs, 1 hit, 0 errors, 1 left on base; Mobile 0 - Pensacola 1 |
| BOTTOM OF THE 3RD |
|
Pensacola Blue Wahoos batting - Pitching for Mobile BayBears : RHP Chad Toms
|
|
Batting: RHB Doug Carter
|
0-0: Called Strike 0-1: SINGLE (Groundball, 5S, EV 75.0 MPH) (infield hit)
|
|
Batting: RHB Randy Grewe
|
0-0: Called Strike 0-1: Called Strike Doug Carter is caught stealing 2nd base 2-4 0-2: DOUBLE (Line Drive, 89D, EV 105.0 MPH)
|
|
Batting: RHB Jose Nunez
|
0-0: Ball Randy Grewe steals 3rd base 1-0: Called Strike 1-1: Ball 2-1: Ball 3-1: Base on Balls
|
|
Batting: LHB Jamie Spangenberg
|
0-0: Swinging Strike 0-1: Ball 1-1: Grounds into double play, 5-4-3 (Groundball, 6, EV 82.5 MPH)
|
| Bottom of the 3rd over - 0 runs, 2 hits, 0 errors, 1 left on base; Mobile 0 - Pensacola 1 |
| TOP OF THE 4TH |
|
Mobile BayBears batting - Pitching for Pensacola Blue Wahoos : LHP Jason St. Clair
|
|
Batting: LHB Yao-pang Tien
|
0-0: Ball 1-0: Foul Ball, location: 2F 1-1: Called Strike 1-2: Foul Ball, location: 2F 1-2: Foul Ball, location: 2F 1-2: Ball 2-2: Strikes out swinging
|
|
Batting: SHB Ken Welch
|
0-0: Called Strike 0-1: Foul Ball, location: 2F 0-2: Ball 1-2: Foul Ball, location: 2F 1-2: Foul Ball, location: 2F 1-2: Strikes out swinging
|
|
Batting: RHB Seth Tramontano
|
0-0: Called Strike 0-1: Ball 1-1: Called Strike 1-2: SINGLE (Line Drive, 8RS, EV 90.6 MPH)
|
|
Batting: SHB Reagan Dudley
|
0-0: Ball 1-0: Called Strike 1-1: Ball Wild Pitch! Seth Tramontano to second 2-1: Ball 3-1: Called Strike 3-2: Foul Ball, location: 2F 3-2: Base on Balls
|
|
Batting: RHB Josh Burrows
|
0-0: Foul Ball, location: 2F 0-1: Fielders Choice at 2nd, 6-4 (Groundball, 56, EV 98.1 MPH)
|
| Top of the 4th over - 0 runs, 1 hit, 0 errors, 2 left on base; Mobile 0 - Pensacola 1 |
| BOTTOM OF THE 4TH |
|
Pensacola Blue Wahoos batting - Pitching for Mobile BayBears : RHP Chad Toms
|
|
Batting: RHB Solange Le Coq
|
0-0: SINGLE (Line Drive, 8LS, EV 93.8 MPH)
|
|
Batting: RHB Dinand Brouwer
|
0-0: SINGLE (Groundball, 4M, EV 101.9 MPH) (infield hit) Solange Le Coq to second
|
|
Batting: RHB Mark Williams
|
0-0: Called Strike 0-1: Ball 1-1: Foul Ball, location: 2F 1-2: SINGLE (Groundball, 34D, EV 105.6 MPH) Solange Le Coq to third Dinand Brouwer to second Runner from 3rd tries for Home, SAFE, throw by RF to home
|
|
Batting: LHB John Wagner
|
0-0: Called Strike 0-1: Ball 1-1: Fielders Choice at 2nd, 6-4 (Groundball, 6, EV 80.6 MPH) Dinand Brouwer to third
|
|
Batting: RHB Ryan Short
|
0-0: Called Strike John Wagner is caught stealing 2nd base 2-4 0-1: Ground out 6-3 (Groundball, 6M, EV 77.5 MPH)
|
| Bottom of the 4th over - 1 run, 3 hits, 0 errors, 1 left on base; Mobile 0 - Pensacola 2 |
| TOP OF THE 5TH |
|
Mobile BayBears batting - Pitching for Pensacola Blue Wahoos : LHP Jason St. Clair
|
|
Batting: LHB Koson Hirai
|
0-0: Ball 1-0: Ball 2-0: Called Strike 2-1: Swinging Strike 2-2: Foul Ball, location: 2F 2-2: Foul Ball, location: 2F 2-2: Ball 3-2: Strikes out swinging
|
|
Batting: LHB Frank Mullen
|
0-0: Called Strike 0-1: Ground out 4-3 (Groundball, 4, EV 83.8 MPH)
|
|
Batting: SHB John Cummings
|
0-0: Foul Ball, location: 2F 0-1: Ball 1-1: Swinging Strike 1-2: Strikes out looking
|
| Top of the 5th over - 0 runs, 0 hits, 0 errors, 0 left on base; Mobile 0 - Pensacola 2 |
| BOTTOM OF THE 5TH |
|
Pensacola Blue Wahoos batting - Pitching for Mobile BayBears : RHP Chad Toms
|
|
Batting: RHB Doug Carter
|
0-0: Ball 1-0: Foul Ball, location: 2F 1-1: Called Strike 1-2: Ball 2-2: Strikes out swinging
|
|
Batting: RHB Randy Grewe
|
0-0: Ball 1-0: Called Strike 1-1: Ball 2-1: Called Strike 2-2: Foul Ball, location: 2F 2-2: Ball 3-2: Ground out 6-3 (Groundball, 56, EV 86.2 MPH)
|
|
Batting: RHB Jose Nunez
|
0-0: Called Strike 0-1: Ball 1-1: Ball 2-1: Ground out 4-3 (Groundball, 4D, EV 108.1 MPH)
|
| Bottom of the 5th over - 0 runs, 0 hits, 0 errors, 0 left on base; Mobile 0 - Pensacola 2 |
| TOP OF THE 6TH |
|
Mobile BayBears batting - Pitching for Pensacola Blue Wahoos : LHP Jason St. Clair
|
|
Batting: RHB Francisco Gutierrez
|
0-0: DOUBLE (Line Drive, 9LM, EV 109.4 MPH)
|
|
Batting: LHB Yao-pang Tien
|
0-0: Ball 1-0: Swinging Strike 1-1: Swinging Strike 1-2: Strikes out swinging
|
|
Batting: SHB Ken Welch
|
0-0: Ball 1-0: Ball 2-0: Swinging Strike 2-1: 2-RUN HOME RUN (Flyball, 78XD, EV 102.5 MPH), Distance : 413 ft
|
|
Batting: RHB Seth Tramontano
|
0-0: Ball 1-0: Fly out, F8 (Flyball, 8RM, EV 91.9 MPH)
|
|
Batting: SHB Reagan Dudley
|
0-0: Foul Ball, location: 2F 0-1: Called Strike 0-2: Ball 1-2: Strikes out swinging
|
| Top of the 6th over - 2 runs, 2 hits, 0 errors, 0 left on base; Mobile 2 - Pensacola 2 |
| BOTTOM OF THE 6TH |
|
Pensacola Blue Wahoos batting - Pitching for Mobile BayBears : RHP Chad Toms
|
|
Batting: LHB Jamie Spangenberg
|
0-0: Foul Ball, location: 2F 0-1: Foul Ball, location: 2F 0-2: Ground out 1-3 (Groundball, 13S, EV 69.4 MPH)
|
|
Batting: RHB Solange Le Coq
|
0-0: Foul Ball, location: 2F 0-1: Ball 1-1: Ball 2-1: Swinging Strike 2-2: Foul Ball, location: 2F 2-2: Foul Ball, location: 2F 2-2: DOUBLE (Line Drive, 78D, EV 110.6 MPH)
|
|
Batting: RHB Dinand Brouwer
|
0-0: Called Strike 0-1: Called Strike 0-2: Ball 1-2: Ball 2-2: Ground out 6-3 (Groundball, 6, EV 84.4 MPH) Solange Le Coq to third
|
|
Batting: RHB Mark Williams
|
0-0: Ball 1-0: Swinging Strike 1-1: Ball 2-1: SINGLE (Groundball, 6MD, EV 98.1 MPH) (infield hit) Solange Le Coq scores
|
|
Batting: LHB John Wagner
|
0-0: Ball 1-0: Ball 2-0: Fielders Choice at 2nd, U4 (Groundball, 4M, EV 79.4 MPH)
|
| Bottom of the 6th over - 1 run, 2 hits, 0 errors, 1 left on base; Mobile 2 - Pensacola 3 |
| TOP OF THE 7TH |
|
Mobile BayBears batting - Pitching for Pensacola Blue Wahoos : LHP Jason St. Clair
|
|
Batting: RHB Josh Burrows
|
0-0: Foul Ball, location: 2F 0-1: Fly out, F3 (Popup, 3L, EV 80.0 MPH)
|
|
Pinch Hitting: RHB Luke Stark
|
0-0: Ball 1-0: Called Strike 1-1: Ball 2-1: Swinging Strike 2-2: Ball 3-2: Base on Balls
|
|
Pinch Hitting: RHB D.J. Cooke
|
0-0: Foul Ball, location: 2F 0-1: Swinging Strike 0-2: Foul Ball, location: 2F 0-2: Strikes out swinging
|
|
Pitching: LHP Yorihiko Honda
|
|
|
Batting: SHB John Cummings
|
0-0: Ball 1-0: Ball 2-0: Foul Ball, location: 2F 2-1: Called Strike 2-2: Strikes out looking
|
| Top of the 7th over - 0 runs, 0 hits, 0 errors, 1 left on base; Mobile 2 - Pensacola 3 |
| BOTTOM OF THE 7TH |
|
Pensacola Blue Wahoos batting - Pitching for Mobile BayBears : RHP Chad Toms
|
|
Now at 2B: Luke Stark
|
|
|
Now in LF: Steve Machol
|
|
|
Now in CF: Francisco Gutierrez
|
|
|
Batting: RHB Ryan Short
|
0-0: Ball 1-0: Called Strike 1-1: DOUBLE (Line Drive, 8LD, EV 106.2 MPH)
|
|
Batting: RHB Doug Carter
|
0-0: Ball 1-0: Bunt missed! 1-1: Ball 2-1: Bunt missed! 2-2: Ground out 4-3 (Groundball, 4, EV 85.6 MPH) Ryan Short to third
|
|
Batting: RHB Randy Grewe
|
0-0: Ball 1-0: SINGLE (Groundball, 6MD, EV 94.4 MPH) Ryan Short scores
|
|
Batting: RHB Jose Nunez
|
0-0: Ball 1-0: Ball 2-0: Ball 3-0: Called Strike 3-1: Base on Balls Randy Grewe to second
|
|
Pitching: LHP Heath Henderson
|
|
|
Batting: LHB Jamie Spangenberg
|
0-0: Ball 1-0: Ball 2-0: SINGLE (Groundball, 3D, EV 95.0 MPH) Randy Grewe to third Jose Nunez to second Runner from 3rd tries for Home, SAFE, throw by RF to home
|
|
Batting: RHB Solange Le Coq
|
0-0: Ball 1-0: Ball 2-0: Ball 3-0: Called Strike 3-1: Base on Balls Jose Nunez to third Jamie Spangenberg to second
|
|
Batting: RHB Dinand Brouwer
|
0-0: Foul Ball, location: 2F 0-1: Swinging Strike 0-2: Ball 1-2: Ball 2-2: Strikes out swinging
|
|
Batting: RHB Mark Williams
|
0-0: Called Strike 0-1: Foul Ball, location: 2F 0-2: Foul Ball, location: 2F 0-2: Ball 1-2: SINGLE (Groundball, 6MD, EV 102.5 MPH) Jose Nunez scores Jamie Spangenberg to third Solange Le Coq to second Runner from 3rd tries for Home, SAFE, throw by CF to home
|
|
Batting: LHB John Wagner
|
0-0: Ball 1-0: Swinging Strike 1-1: Ball 2-1: Fielders Choice at 2nd, 6-4 (Groundball, 6, EV 78.8 MPH)
|
| Bottom of the 7th over - 4 runs, 4 hits, 0 errors, 2 left on base; Mobile 2 - Pensacola 7 |
| TOP OF THE 8TH |
|
Mobile BayBears batting - Pitching for Pensacola Blue Wahoos : LHP Yorihiko Honda
|
|
Batting: RHB Francisco Gutierrez
|
0-0: Foul Ball, location: 2F 0-1: Foul Ball, location: 2F 0-2: Ground out 6-3 (Groundball, 4M, EV 110.0 MPH)
|
|
Batting: LHB Yao-pang Tien
|
0-0: Called Strike 0-1: Ball 1-1: Foul Ball, location: 2F 1-2: Foul Ball, location: 2F 1-2: Ball 2-2: Ball 3-2: Base on Balls
|
|
Batting: SHB Ken Welch
|
0-0: Ball Wild Pitch! Yao-pang Tien to second 1-0: Ball 2-0: Ground out 6-3 (Groundball, 56, EV 81.2 MPH)
|
|
Batting: RHB Seth Tramontano
|
0-0: Ball 1-0: Ball 2-0: Foul Ball, location: 2F 2-1: Ground out 3-1 (Groundball, 34, EV 108.8 MPH)
|
| Top of the 8th over - 0 runs, 0 hits, 0 errors, 1 left on base; Mobile 2 - Pensacola 7 |
| BOTTOM OF THE 8TH |
|
Pensacola Blue Wahoos batting - Pitching for Mobile BayBears : LHP Heath Henderson
|
|
Batting: RHB Ryan Short
|
0-0: Ground out 6-3 (Groundball, 6, EV 82.5 MPH)
|
|
Batting: RHB Doug Carter
|
0-0: Called Strike 0-1: Ball 1-1: Ball 2-1: Ball 3-1: Ground out U3 (Groundball, 3L, EV 88.1 MPH)
|
|
Batting: RHB Randy Grewe
|
0-0: Swinging Strike 0-1: Ball 1-1: Swinging Strike 1-2: Ball 2-2: Ground out 6-3 (Groundball, 6, EV 88.1 MPH)
|
| Bottom of the 8th over - 0 runs, 0 hits, 0 errors, 0 left on base; Mobile 2 - Pensacola 7 |
| TOP OF THE 9TH |
|
Mobile BayBears batting - Pitching for Pensacola Blue Wahoos : LHP Yorihiko Honda
|
|
Batting: SHB Reagan Dudley
|
0-0: Ball 1-0: Foul Ball, location: 2F 1-1: SINGLE (Groundball, 56S, EV 67.5 MPH) (infield hit)
|
|
Pitching: RHP Dave Kurtz
|
|
|
Batting: RHB Josh Burrows
|
0-0: Swinging Strike 0-1: SINGLE (Groundball, 6MD, EV 100.6 MPH) Reagan Dudley to second
|
|
Batting: RHB Luke Stark
|
0-0: Ball 1-0: Ball 2-0: 3-RUN HOME RUN (Line Drive, 7D, EV 101.9 MPH), Distance : 419 ft
|
|
Pitching: RHP Damian Molina
|
|
|
Now at 2B: Brandon Sarni
|
|
|
Batting: RHB Steve Machol
|
0-0: Foul Ball, location: 2F 0-1: Ground out 5-3 (Groundball, 56, EV 87.5 MPH)
|
|
Batting: SHB John Cummings
|
0-0: Foul Ball, location: 2F 0-1: Ball 1-1: Foul Ball, location: 2F 1-2: Strikes out swinging
|
|
Batting: RHB Francisco Gutierrez
|
0-0: Fly out, F9 (Flyball, 89D, EV 100.6 MPH)
|
| Top of the 9th over - 3 runs, 3 hits, 0 errors, 0 left on base; Mobile 5 - Pensacola 7 |
|